 Dungeon Crawl Stone Soup version 0.29-a0-322-g68df515428 (webtiles) character file.

Game seed: 3578032242401874526

1687 kae the Conjurer (level 9, 0/45 HPs)
             Began as a Tengu Fire Elementalist on Apr 7, 2022.
             Slain by a wight
             ... wielding a +5 mace
              (13 damage)
             ... on level 7 of the Dungeon.
             The game lasted 00:04:34 (6149 turns).

kae the Conjurer (Tengu Fire Elementalist)          Turns: 6149, Time: 00:04:35

Health: 0/45       AC:  7    Str:  8    XL:     9   Next: 2%
Magic:  4/32       EV: 17    Int: 27    God:
Gold:   273        SH:  0    Dex: 14    Spells: 11/17 levels left

rFire   . . .      SeeInvis .   j - +6 Majin-Bo {vamp, MP+6 Int+6}
rCold   . . .      Faith    .   (shield currently unavailable)
rNeg    . . .      Spirit   .   a - +0 robe
rPois   .          Reflect  .   (helmet restricted)
rElec   .          Harm     .   h - +0 cloak
rCorr   .          Rampage  .   (no gloves)
Will    .....                   (boots unavailable)
Stlth   +++.......              (no amulet)
HPRegen 0.15/turn               e - ring of magical power
MPRegen 0.23/turn               f - +4 ring of protection

@: flying quickly and evasively, quick
A: beak, talons 3, nimble flight
a: no special abilities


You were on level 7 of the Dungeon.
You visited 2 branches of the dungeon, and saw 8 of its levels.

You collected 273 gold pieces.

Inventory:

Hand Weapons
 c - a +0 dagger
 j - the +6 Majin-Bo (weapon) {vamp, MP+6 Int+6}
   (You acquired it on level 5 of the Dungeon)

   It heals its wielder for a portion of the damage dealt when they wound a
   living foe with it or with a spell.
   Its wielder's spells cost health as well as magical power.
   Int:       It affects your intelligence (+6).
   MP:        It affects your magic capacity (+6).
 l - the +1 spear "Fymieci" {holy, rElec rN+}
   (You found it on level 2 of the Dungeon)

   It has been blessed by the Shining One to cause great damage to the undead
   and demons.
   rElec:     It insulates you from electricity.
   rN:        It protects you from negative energy.
Armour
 a - a +0 robe (worn)
 h - a +0 cloak (worn)
Jewellery
 e - a ring of magical power (left hand)
 f - a +4 ring of protection (right hand)
 t - an amulet of guardian spirit
Wands
 m - a wand of iceblast (6)
Scrolls
 d - 2 scrolls of magic mapping
 q - a scroll of torment {unknown}
 v - 4 scrolls of teleportation
Potions
 b - a potion of magic
 g - a potion of berserk rage
 i - a potion of ambrosia
 k - 4 potions of attraction {unknown}
 n - 2 potions of heal wounds {unknown}
 o - a potion of flight {unknown}
 p - a potion of lignification {unknown}
 r - a potion of curing
 s - a potion of brilliance {unknown}
 u - a potion of degeneration {unknown}
 w - a potion of cancellation {unknown}


   Skills:
 + Level 2.1 Staves
 + Level 5.5 Dodging
 + Level 5.5 Stealth
 + Level 4.7 Spellcasting
 + Level 6.3 Conjurations
 + Level 6.2 Fire Magic
 + Level 1.8 Evocations


You had 11 spell levels left.
You knew the following spells:

 Your Spells              Type           Power      Damage    Failure   Level
a - Foxfire               Conj/Fire      100%       2x1d9     1%          1
b - Scorch                Fire           80%        2d9       1%          2
c - Conjure Flame         Conj/Fire      40%        6-21      1%          3

Your spell library contained the following spells:

 Spells                   Type           Power      Damage    Failure   Level
 Magic Dart               Conj           100%       1d8       1%          1
 Searing Ray              Conj           80%        2d7       1%          2
 Flame Wave               Conj/Fire      40%        2d9       5%          4
 Inner Flame              Hex/Fire       23%        N/A       6%          3
 Beastly Appendage        Tmut           12%        N/A       8%          1
 Slow                     Hex            24%        N/A       8%          1
 Wereblood                Tmut           6%         N/A       11%         2
 Fulminant Prism          Conj/Hex       11%        3d9       21%         4
 Confusing Touch          Hex            6%         N/A       22%         3
 Spider Form              Tmut/Pois      6%         N/A       22%         3
 Vampiric Draining        Necr           6%         2d6       22%         3


Dungeon Overview and Level Annotations

Branches:
Dungeon (7/15)             Temple (1/1) D:6

Altars:
Ashenzari
Dithmenos
Elyvilon
Fedhas
Hepliaklqana
Kikubaaqudgha
Makhleb
Nemelex Xobeh
Okawaru
Qazlal
Sif Muna
Trog
Uskayaw
Wu Jian
Xom
Yredelemnul
Zin
The Shining One

Annotations:
D:6 Eustachio


Innate Abilities, Weirdness & Mutations

You have a beak for a mouth.
You have claws for feet.
Your magical nature lets you fly swiftly and evasively.


Message History

The wight's fire resistance burns away.
An orc wizard comes into view. It is wielding a +0 dagger.
Casting: Scorch (safe; 1% risk of failure)
Confirm with . or Enter, or press ? or * to list all spells.
Flames lash the orc wizard.
You feel better.
The orc wizard is severely wounded.
The orc wizard's fire resistance burns away.
The wight is no longer more vulnerable to fire.
An orc comes into view. It is wielding a +0 trident of venom.
Casting: Scorch (safe; 1% risk of failure)
Confirm with . or Enter, or press ? or * to list all spells.
Flames lash the orc.
You feel better.
You kill the orc!
You hear a shout!
Casting: Scorch (safe; 1% risk of failure)
Confirm with . or Enter, or press ? or * to list all spells.
Flames lash the orc wizard.
The orc wizard is burned terribly!
You feel better.
You kill the orc wizard!
Something shouts, "Begone, thou surly hell-hated prigger-of-prances!"
You hear a shout!
Casting: Scorch (safe; 1% risk of failure)
Confirm with . or Enter, or press ? or * to list all spells.
Flames lash the wight but do no damage.
An orc wizard comes into view. It is wielding a +0 dagger.
The wight hits you but does no damage. The wight barely misses you.
Casting: Scorch (safe; 1% risk of failure)
Confirm with . or Enter, or press ? or * to list all spells.
Flames lash the orc wizard.
You feel better.
The orc wizard is lightly wounded.
The orc wizard's fire resistance burns away.
An ice beast comes into view.
The orc wizard casts a spell.
The orc wizard flickers and vanishes!
Deactivating autopickup; reactivate with Ctrl-A.
The wight hits you with a +5 mace!
* * * LOW HITPOINT WARNING * * *
A white imp comes into view.
The wight hits you with a +5 mace!
You die...

## ######. #....#.
#.##.#. ####.##.##
#....##... #.########
.#################.#####
.......Y{z@...........>#
..#####5################
#'#


zo. ....v ....... ......... #........... #.)..(....... You could see an ice
beast (wandering), a wight and a white imp.

Vanquished Creatures
  Prince Ribbit (D:5)
  Sigmund (D:2)
  An orc warrior (D:6)
  A black bear (D:7)
  A sky beast (D:5)
  2 centaurs (D:5)
  2 bullfrogs
  3 scorpions
  2 wights (D:7)
  2 jellies (D:6)
  2 hounds
  An orc priest (D:7)
  An iguana (D:5)
  Natasha (thrice) (D:3)
  2 orc wizards (D:7)
  6 adders
  2 white imps
  2 ufetubi
  2 worms
  2 dart slugs (D:1)
  11 orcs
  4 bats
  7 endoplasms
  6 goblins
  6 hobgoblins
  3 jackals (D:2)
  4 quokkas
  7 ball pythons
  2 frilled lizards
  4 kobolds
  4 rats
97 creatures vanquished.

Vanquished Creatures (others)
  330 foxfires
330 creatures vanquished.

Grand Total: 427 creatures vanquished

Notes
Turn   | Place    | Note
-------+----------+-------------------------------------------
     0 | D:1      | kae the Tengu Fire Elementalist began the quest for the
                  | Orb.
     0 | D:1      | Reached XP level 1. HP: 10/10 MP: 4/4
   292 | D:1      | Reached XP level 2. HP: 15/15 MP: 0/6
   295 | D:1      | Learned a level 2 spell: Scorch
   466 | D:1      | Found a faded altar of an unknown god.
   994 | D:2      | Reached XP level 3. HP: 16/19 MP: 1/7
  1225 | D:2      | Found an ancient bone altar of Kikubaaqudgha.
  1575 | D:2      | Identified the +1 spear "Fymieci" {holy, rElec rN+}
  1728 | D:2      | Noticed Sigmund
  2156 | D:2      | Killed Sigmund
  2157 | D:2      | Reached XP level 4. HP: 13/24 MP: 1/9
  2157 | D:2      | Gained mutation: Your magical nature lets you fly swiftly
                  | and evasively. [Tengu growth]
  2157 | D:2      | Reached XP level 5. HP: 16/28 MP: 1/10
  2597 | D:3      | You are sucked into a shaft and drop 2 floors!
  2597 | D:5      | Entered Level 5 of the Dungeon
  2597 | D:5      | Noticed a sky beast
  2645 | D:5      | Learned a level 3 spell: Conjure Flame
  2856 | D:3      | Reached XP level 6. HP: 32/32 MP: 11/11
  3032 | D:3      | Noticed Natasha
  3036 | D:3      | Killed Natasha
  3119 | D:3      | Noticed Natasha
  3126 | D:3      | Killed Natasha
  3255 | D:3      | Noticed Natasha
  3262 | D:3      | Killed Natasha
  4158 | D:5      | Noticed Prince Ribbit
  4168 | D:5      | Killed Prince Ribbit
  4169 | D:5      | Reached XP level 7. HP: 36/36 MP: 12/13
  4338 | D:5      | Reached skill level 5 in Fire Magic
  4426 | D:5      | Reached skill level 5 in Conjurations
  4467 | D:5      | Reached XP level 8. HP: 31/41 MP: 15/15
  4865 | D:5      | Reached skill level 5 in Dodging
  5053 | D:5      | Identified a scroll of acquirement
  5053 | D:5      | Acquired the +6 Majin-Bo {vamp, MP+6 Int+6}
  5053 | D:5      | Found the +6 Majin-Bo {vamp, MP+6 Int+6}
  5142 | D:6      | Reached skill level 5 in Stealth
  5254 | D:6      | Found a staircase to the Ecumenical Temple.
  5309 | Temple   | Entered the Ecumenical Temple
  5458 | D:6      | Noticed Eustachio
  5521 | D:6      | Reached skill level 1 in Staves
  5534 | D:6      | Reached skill level 1 in Evocations
  6138 | D:7      | Reached XP level 9. HP: 23/45 MP: 13/17
  6149 | D:7      | Slain by a wight

Illustrated notes

Levels and vault maps discovered:
D:1:      lightli_arrival_flooded_house, layout_rooms,
          hellmonk_ecumenical_altar_heavens_door
D:2:      minmay_inner_zag, layout_rooms, basic_altar,
          chequers_serial_rivers_large_a, hex_medium, kennysheep_minor_cross,
          uniq_sigmund
D:3:      layout_basic, uniq_natasha
D:4:      layout_loops_ring, feat_on_display
D:5:      layout_basic, uniq_prince_ribbit1
D:6:      layout_basic, minmay_temple_entry_ruins, uniq_eustachio
D:7:      layout_basic
Temple:   nicolae_temple_no_exploring_needed

Skill      XL: |  1  2  3  4  5  6  7  8 |
---------------+-------------------------+-----
Conjurations   | 2 3 4 5 6 |  6.3
Dodging        | 3 4 5 |  5.5
Stealth        | 3 4 5 |  5.5
Fire Magic     | 4 5 6 |  6.2
Spellcasting   | 3 4 |  4.7
Staves         | 2 |  2.1
Evocations     | 1 |  1.8

Action                   |  1- 3 |  4- 6 |  7- 9 || total
-------------------------+-------+-------+-------++-------
Melee: Dagger            |     9 |       |       ||     9
       Kick              |     6 |     1 |       ||     7
       Peck              |     3 |       |       ||     3
       Unarmed           |     1 |       |       ||     1
       Spear             |     3 |     5 |     2 ||    10
 Cast: Foxfire           |    65 |    61 |    69 ||   195
       Scorch            |    11 |    11 |    34 ||    56
       Conjure Flame     |       |       |     2 ||     2
  Use: Scroll            |     1 |     6 |     1 ||     8
       Potion            |     1 |       |       ||     1
Armor: Robe              |     4 |     7 |    22 ||    33
Dodge: Dodged            |    20 |    19 |    44 ||    83

Table legend: (Time is in decaauts)
 A = Elapsed time spent in this place.
 B = Non-inter-level travel time spent in this place.
 C = Inter-level travel time spent in this place.
 D = Time resting spent in this place.
 E = Time spent auto-exploring this place.
 F = Levels seen in this place.
 G = Mean time per level.
                   A        B        C        D        E       F      G
               +--------+--------+--------+--------+--------+-----+--------+
         Total |   5923 |   5690 |    233 |    247 |   4568 |   8 |  740.4 |
       Dungeon |   5921 |   5690 |    231 |    247 |   4568 |   7 |  845.9 |
        Temple |      1 |      0 |      1 |      0 |      0 |   1 |    1.0 |
               +--------+--------+--------+--------+--------+-----+--------+

Top non-repeatable levels by time:
     D:2: 1289 daAuts
     D:1: 1234 daAuts
     D:5: 1061 daAuts
     D:6: 770 daAuts
     D:4: 697 daAuts
     D:3: 669 daAuts
     D:7: 198 daAuts
  Temple: 1 daAuts
